[Event "Late-Titled-Tuesday-Blitz-September-19-2023"]
[Site "Chess.com"]
[Date "2023.09.19"]
[Round "2"]
[White "Fy_Rakotomaharo"]
[Black "infinitegiantkiller"]
[Result "1/2-1/2"]
[WhiteElo "2723"]
[BlackElo "2468"]
[TimeControl "180+1"]
[EndTime "14:17:56 PDT"]
[Termination "Game drawn by repetition"]

1. d4 Nf6 2. Nf3 e6 3. Bg5 h6 4.
Bh4 g5 5. Bg3 Nh5 6. e3 Nxg3 7.
hxg3 Bg7 8. Bd3 b6 9. Nbd2 Bb7 10. Qe2 d6 11. O-O-O Nd7 12. Ba6 Qc8 13. Bxb7 Qxb7 14. e4 O-O-O 15. c3 Kb8 16. g4 c5 17. Kb1 cxd4 18.
cxd4 Rc8 19. Rc1 Rxc1+ 20. Rxc1 Rc8 21. Rxc8+ Qxc8 22. Qd3 Qc6 23. Ng1 Qa4 24. Nb3 Qb4 25.
Nf3 Nf6 26. e5 dxe5 27. Nxe5 Qe1+ 28. Nc1 Nd5 29. Nc6+ Kc7 30. Nxa7 Qxf2 31. Qc4+ Kb7 32. Nb5 Bf8 33. Qa4 f5 34. Qa7+ Kc6 35. a4 Bd6 36.
Qa8+ Kd7 37. Qg8 fxg4 38. Qh7+ Be7 39. Nd3 Qf5 40. Qxf5 exf5 41. Ne5+ Ke6 42. Kc2 h5 43. Kd3 h4 44. Ke2 h3 45. gxh3 gxh3 46. Kf2 g4 47. Kg3 Bd6 48. Nxd6 Kxd6 49. b3 f4+ 50. Kh2 Ne3 51.
b4 Nf1+ 52. Kg1 Ng3 53. a5 bxa5 54. bxa5 Ne2+ 55. Kh1 Nxd4 56. a6 Nc6 57. Nxg4 Kc7 58. Kh2 Kb6 59. Kxh3 Kxa6 60. Kg2 Ne5 61. Nxe5 Kb5 62.
Nf3 Kc4 63. Kh3 Kd5 64. Kg4 Ke4 65. Ng5+ Ke3 66. Nf3 Ke4 67. Ng5+ Ke5 68. Nf3+ Ke4 1/2-1/2

[Event "Late-Titled-Tuesday-Blitz-September-19-2023"]
[Site "Chess.com"]
[Date "2023.09.19"]
[Round "2"]
[White "Slovak_fighter2000"]
[Black "farzadbfd"]
[Result "1-0"]
[WhiteElo "2454"]
[BlackElo "2689"]
[TimeControl "180+1"]
[EndTime "14:17:58 PDT"]
[Termination "Slovak_fighter2000 won by resignation"]

1. d4 Nf6 2. Nf3 e6 3. c4 d5 4. Nc3 Be7 5. g3 O-O 6. Bg2 c6 7. Qd3 Nbd7 8. e4 dxe4 9. Nxe4 Nxe4 10. Qxe4 Bb4+ 11. Bd2 Bxd2+ 12. Nxd2 Qa5 13. Qe2 Qb6 14. Nf3 Qb4+ 15. Kf1 b6 16. a3 Qb3 17. Rc1 Ba6 18.
Qc2 Qxc2 19. Rxc2 Rfd8 20. Ke2 Rac8 21. Rhc1 f6 22. Ke1 Kf7 23. Bf1 c5 24. dxc5 Nxc5 25. Rd1 e5 26. Rxd8 Rxd8 27. Rd2 Rxd2 28. Nxd2 f5 29.
b4 Ne6 30. Bd3 g6 31. Bb1 Nd4 32. Ba2 Kf6 33. h4 Nc2+ 34. Ke2 Nxa3 35. Kd3 b5 36. c5 h6 37. Kc3 g5 38. hxg5+ hxg5 39. Kb2 Nc4+ 40.
Nxc4 bxc4 41. Kc3 e4 42. Bxc4 Bc8 43. Kd4 Bb7 44. b5 f4 45. gxf4 gxf4 46. c6 Bc8 47. Kxe4 Kg5 48. Ke5 f3 49. Be6 Bxe6 50. Kxe6 Kh4 51. c7 Kh3 52. c8=Q Kg2 53. Qc2 Kf1 54. Qd2 Kg2 55. Qe3 Kf1 56. Qxf3 1-0

[Event "Late-Titled-Tuesday-Blitz-September-19-2023"]
[Site "Chess.com"]
[Date "2023.09.19"]
[Round "2"]
[White "szefru"]
[Black "komogro"]
[Result "1-0"]
[WhiteElo "2303"]
[BlackElo "2483"]
[TimeControl "180+1"]
[EndTime "14:17:58 PDT"]
[Termination "szefru won on time"]

1. e4 g6 2. d4 Bg7 3. Nc3 d6 4. Be3 a6 5. Qd2 b5 6. O-O-O Bb7 7. f3 e6 8. g4 h6 9. h4 Nf6 10. Nh3 Nbd7 11. g5 hxg5 12. Bxg5 Nb6 13. Nf2 Qd7 14. Ng4 Nxg4 15. fxg4 b4 16. Ne2 Bxe4 17.
Rh3 Qa4 18. Kb1 Nc4 19. Qc1 Rb8 20. Rb3 Na5 21. Re3 Bd5 22. b3 Qd7 23. Nf4 c6 24.
Bg2 Bxg2 25. Nxg2 Rb5 26. Qd2 Rd5 27. Nf4 Rxd4 28. Qe1 Rxd1+ 29. Qxd1 e5 30. h5 O-O 31. Nd3 c5 32. Nxc5 Qc6 33. Ne4 d5 34. Ng3 e4 35.
h6 Be5 36. Ne2 Kh7 37. Bf4 Qf6 38. Bxe5 Qxe5 39. Nd4 Rc8 40. Qe2 Nc6 41. Nxc6 Rxc6 42. Rh3 d4 43. Qf2 Rc7 44. Qe1 Qc5 45. Rh2 e3 46.
Re2 Qc3 47. Qd1 a5 48. g5 a4 49. bxa4 Ra7 50. Qf1 Qc4 51. Qf6 1-0

[Event "Late-Titled-Tuesday-Blitz-September-19-2023"]
[Site "Chess.com"]
[Date "2023.09.19"]
[Round "2"]
[White "Andrej2004"]
[Black "cassoulet"]
[Result "1-0"]
[WhiteElo "2549"]
[BlackElo "2761"]
[TimeControl "180+1"]
[EndTime "14:18:01 PDT"]
[Termination "Andrej2004 won by checkmate"]

1. Nf3 Nf6 2. c4 g6 3. b3 Bg7 4. Bb2 O-O 5. g3 d6 6. Bg2 Nbd7 7. O-O a6 8. d3 c5 9. Nc3 Rb8 10. a4 b6 11. Nd2 Bb7 12. Nd5 Nxd5 13. Bxg7 Ne3 14.
fxe3 Kxg7 15. e4 Ne5 16. Qc2 Qd7 17. Qc3 f6 18. Rf4 b5 19. axb5 axb5 20. e3 b4 21. Qc2 Ra8 22. Raf1 Qc7 23. d4 Nf7 24. h4 cxd4 25.
exd4 Qb6 26. Qd3 Ra2 27. R4f2 Rfa8 28. c5 dxc5 29. e5 Bxg2 30. exf6+ exf6 31. Kxg2 f5 32. g4 Rd8 33. gxf5 Rxd4 34. f6+ Kg8 35. Qe3 Qc6+ 36.
Nf3 Ra8 37. Kh3 Qd7+ 38. Kh2 Re8 39. Qc1 Qd6+ 40. Kh1 Rd3 41. Kg2 Qd5 42. Qc4 Qxc4 43. bxc4 h6 44. Ra1 Rd6 45. Nd2 g5 46. Nb3 Re5 47.
Ra8+ Kh7 48. Ra7 Kg6 49. h5+ Kxh5 50. Rxf7 Re4 51. Rg7 Rg4+ 52. Kf1 Rd1+ 53. Ke2 Rb1 54. Nd2 Rb2 55. f7 Re4+ 56. Kd1 Rd4 57. f8=Q Rb1+ 58. Kc2 Ra1 59. Qf7+ Kg4 60. Qf5+ Kg3 61. Qf3+ Kh4 62. Rh2# 1-0

[Event "Late-Titled-Tuesday-Blitz-September-19-2023"]
[Site "Chess.com"]
[Date "2023.09.19"]
[Round "2"]
[White "Iball95"]
[Black "Kleyton_Lima"]
[Result "0-1"]
[WhiteElo "2755"]
[BlackElo "2548"]
[TimeControl "180+1"]
[EndTime "14:18:02 PDT"]
[Termination "Kleyton_Lima won on time"]

1. e4 c5 2. Nf3 d6 3. Nc3 a6 4. d4 cxd4 5. Qxd4 Nf6 6. e5 Nc6 7.
Qa4 dxe5 8. Nxe5 Bd7 9. Nxd7 Qxd7 10. Be3 e6 11. Rd1 Qc7 12. g3 Bb4 13. Bg2 O-O 14.
O-O Bxc3 15. bxc3 Rfd8 16. Qb3 Qe7 17. Rb1 Rd7 18. Rfd1 Rad8 19. Rxd7 Rxd7 20. Qc4 Nd5 21. Bc5 Qd8 22. Qb3 Na5 23. Qa3 Nc4 24. Qa4 Nxc3 25.
Qxc4 Nxb1 26. h4 Nd2 27. Qb4 h6 28. Be3 b5 29. a4 Nc4 30. Bc5 Rd1+ 31. Kh2 Qd7 32.
Bf3 Rd2 33. axb5 Qxb5 34. Qxb5 axb5 35. c3 Ne5 36. Be4 Nd3 37. Be3 Nxf2 38. Bxd2 Nxe4 39.
Be1 f5 40. Kg2 Kf7 41. Kf3 g5 42. hxg5 hxg5 43. g4 Kf6 44. Ke3 Ke5 45. gxf5 exf5 46. Kd3 g4 47. Bh4 f4 48. Bd8 Kd5 49. Bc7 Nc5+ 50.
Ke2 Ke4 51. Bb6 f3+ 52. Kf2 Nd3+ 53. Kg3 Ne5 54. Bd4 b4 0-1

[Event "Late-Titled-Tuesday-Blitz-September-19-2023"]
[Site "Chess.com"]
[Date "2023.09.19"]
[Round "2"]
[White "Bilan_Danila"]
[Black "Laico"]
[Result "0-1"]
[WhiteElo "2553"]
[BlackElo "2390"]
[TimeControl "180+1"]
[EndTime "14:18:02 PDT"]
[Termination "Laico won by resignation"]

1. d4 e6 2. Nf3 f5 3. g3 b6 4.
Bg2 Bb7 5. O-O Nf6 6. c4 Be7 7. d5 Bd6 8. Nc3 e5 9. Nh4 g6 10. Bg5 O-O 11. Nb5 Qe7 12. Nxd6 Qxd6 13. Qc2 a5 14. a4 Na6 15. b3 Nc5 16. Rad1 Rae8 17. Nf3 Kg7 18. Bc1 Nfe4 19. Ba3 h6 20. Nd2 Nf6 21. Ra1 Kh7 22. b4 axb4 23. Bxb4 Ra8 24. a5 bxa5 25. Rxa5 Rxa5 26. Bxa5 Ra8 27. Bc3 Qe7 28.
Rb1 d6 29. Bb4 Ba6 30. Bxc5 dxc5 31. Ra1 Qd6 32. Ra5 Bb7 33. Rxa8 Bxa8 34. Qa4 Bb7 35. h3 Kg7 36. Nb3 Qb6 37. Qa3 Qb4 38. Qxb4 cxb4 39. Nc5 Bc8 40. Kf1 Kf8 41. Ke1 e4 42. Kd2 Ke7 43.
Kc2 Kd6 44. Na4 Bd7 45. Kb3 Bxa4+ 46. Kxa4 Kc5 47. Kb3 Nh5 48. h4 e3 49. fxe3 Nxg3 50. Bf3 Nf1 51. e4 fxe4 52. Bg4 g5 53. hxg5 hxg5 54.
Kc2 Ne3+ 55. Kd2 Nxg4 56. Kc2 Kxc4 57. d6 cxd6 58. e3 Nxe3+ 59. Kd2 Nf5 60. Ke2 d5 61.
Kf2 0-1

[Event "Late-Titled-Tuesday-Blitz-September-19-2023"]
[Site "Chess.com"]
[Date "2023.09.19"]
[Round "2"]
[White "floplover"]
[Black "Defend1r"]
[Result "0-1"]
[WhiteElo "2239"]
[BlackElo "2494"]
[TimeControl "180+1"]
[EndTime "14:18:02 PDT"]
[Termination "Defend1r won by resignation"]

1. e4 c5 2. Nf3 d6 3. d4 cxd4 4. Nxd4 Nf6 5. Nc3 a6 6. Be3 e5 7. Nf3 Be7 8. Bc4 O-O 9. O-O Be6 10. Qe2 Bxc4 11. Qxc4 b5 12. Qd3 Nbd7 13. Rad1 Qc7 14. Bg5 Rfc8 15. a3 Rab8 16. Bxf6 Nxf6 17. Nd2 b4 18.
axb4 Rxb4 19. Nb3 Rc4 20. Ra1 Qb6 21. Rfd1 h5 22. Rd2 h4 23. h3 Kh7 24. Ra2 g6 25.
Qf3 Kg7 26. Ra1 R4c6 27. Qd3 Rc4 28. Qf3 Kg8 29. Ra2 Qa7 30. Qd3 Nh5 31. Nd5 Bg5 32.
Re2 Nf4 33. Nxf4 Bxf4 34. c3 Qb6 35. Nd2 R4c6 36. Nf1 Rd8 37. Ne3 Bxe3 38. Qxe3 Qb3 39. Ra3 Qd1+ 40. Re1 Qc2 41. Qe2 Qxe2 42. Rxe2 Rb8 43.
Rd2 Kf8 44. Kf1 Ke7 45. Ke2 f5 46. f3 Ke6 47. Ke3 Rb5 48. b4 d5 49. exd5+ Rxd5 50. Rxd5 Kxd5 51. Kd3 g5 52. Ra5+ Kd6 53. c4 Ke6 54. c5 Kd5 55. Kc3 e4 56. Ra1 Ke5 57. Re1 Kf4 58. Kc4 exf3 59. gxf3 Kxf3 60. Kd5 Rc8 61.
c6 g4 62. hxg4 fxg4 63. Kc5 h3 64. Kb6 h2 65. c7 g3 66. Kb7 Rxc7+ 67. Kxc7 g2 68.
Kb6 g1=Q+ 69. Rxg1 hxg1=Q+ 70. Kxa6 Qg8 71. b5 Qb8 0-1

[Event "Late-Titled-Tuesday-Blitz-September-19-2023"]
[Site "Chess.com"]
[Date "2023.09.19"]
[Round "2"]
[White "Mimsychess"]
[Black "GeorgiosSouleidis"]
[Result "1/2-1/2"]
[WhiteElo "2363"]
[BlackElo "2504"]
[TimeControl "180+1"]
[EndTime "14:18:03 PDT"]
[Termination "Game drawn - insufficient material"]

1. e4 c5 2. Nf3 e6 3. d4 cxd4 4.
Nxd4 Nf6 5. Nc3 Nc6 6. Ndb5 Bc5 7. Nd6+ Ke7 8. Bf4 e5 9. Nf5+ Kf8 10. Bg5 d6 11. Bc4 Be6 12. Bb3 h6 13. Bh4 g6 14.
Bxe6 fxe6 15. Nxd6 g5 16. Nxb7 Qxd1+ 17. Rxd1 Be7 18.
Bg3 Rb8 19. Nd6 Rxb2 20. Nc4 Rxc2 21. Nxe5 Rxc3 22. Ng6+ Kg7 23. Nxh8 Kxh8 24. f3 Bc5 25. Bf2 Bxf2+ 26. Kxf2 Rc2+ 27. Ke3 Rxa2 28. Rd6 Ne7 29. Rxe6 Nfg8 30. h4 Kg7 31. hxg5 hxg5 32. g3 Kf7 33. Rd6 Ra3+ 34. Ke2 Ra2+ 35. Rd2 Ra3 36. Rd3 Ra2+ 37. Ke3 Nf6 38. f4 Ng4+ 39. Kf3 Nf2 40. Rh7+ Kg6 41. Rxe7 Nxd3 42. e5 Ra3 43. Ke4 Nxf4 44. gxf4 Ra4+ 45. Kd5 gxf4 46. e6 Ra1 47. Rf7 Rd1+ 48. Ke4 Re1+ 49. Kd5 Kg5 50. e7 Kg4 51. Kd6 f3 52. Rf8 Kg3 53.
e8=Q Rxe8 54. Rxe8 f2 55. Rg8+ Kh2 56. Rf8 Kg2 57. Kc5 f1=Q 58. Rxf1 Kxf1 59. Kb5 Ke2 60. Ka6 Kd3 61. Kxa7 1/2-1/2

[Event "Late-Titled-Tuesday-Blitz-September-19-2023"]
[Site "Chess.com"]
[Date "2023.09.19"]
[Round "2"]
[White "SpeedofLight0"]
[Black "bazar-wokzal"]
[Result "1/2-1/2"]
[WhiteElo "3084"]
[BlackElo "2645"]
[TimeControl "180+1"]
[EndTime "14:18:04 PDT"]
[Termination "Game drawn by repetition"]

1. d4 Nf6 2. Bf4 d5 3. Nf3 e6 4.
e3 Bd6 5. Bd3 c5 6. c3 Nc6 7.
O-O Qe7 8. Nbd2 e5 9. dxe5 Nxe5 10. Bxe5 Bxe5 11. e4 dxe4 12. Nxe4 Nxe4 13. Bxe4 O-O 14. Re1 Bg4 15. Bxh7+ Kxh7 16. Qd3+ Kg8 17. Nxe5 Be6 18. Qg3 Qf6 19. Rad1 Rfd8 20. Nd3 b6 21. Nf4 Bxa2 22.
Nh5 Qh6 23. Qe5 Bb3 24. Rxd8+ Rxd8 25. Nf4 Qf6 26. Qc7 Rd1 27. Rxd1 Bxd1 28. Nd5 Qe6 29. Qd8+ Kh7 30. Ne3 Bb3 31. Qh4+ Kg8 32. Qd8+ Kh7 33. h4 f6 34. Qc7 a5 35. Qf4 a4 36.
Nf5 Bc2 37. Ne3 Bb1 38. h5 b5 39. Qc7 b4 40. Qxc5 a3 41. bxa3 b3 42. Qb4 Bc2 43. a4 Qd7 44. a5 Qc6 45. c4 Qa6 46. Qc3 Qb7 47. Nxc2 b2 48. Qd3+ Kg8 49. Na3 Qb4 50. Nb1 Qe1+ 51. Kh2 Qxa5 52. g4 Qe5+ 53. Kg2 Qe1 54.
Kf3 Qh1+ 55. Ke2 Qg1 56. Qd8+ Kh7 57. Qd3+ Kg8 58. Qe4 Qc1 59. Qe6+ Kh7 60. Qf5+ Kg8 61.
Qd3 Qg1 1/2-1/2

[Event "Late-Titled-Tuesday-Blitz-September-19-2023"]
[Site "Chess.com"]
[Date "2023.09.19"]
[Round "2"]
[White "subham777"]
[Black "dropstoneDP"]
[Result "0-1"]
[WhiteElo "2606"]
[BlackElo "3036"]
[TimeControl "180+1"]
[EndTime "14:18:04 PDT"]
[Termination "dropstoneDP won on time"]

1. e4 e5 2. Nf3 Nf6 3. Nxe5 d6 4. Nf3 Nxe4 5. d4 d5 6. Bd3 Bd6 7. O-O O-O 8. c4 c6 9. Nc3 Nxc3 10. bxc3 dxc4 11.
Bxc4 Bg4 12. h3 Bh5 13. Re1 Nd7 14. Be2 Re8 15. Be3 Nf6 16. Nd2 Bxe2 17. Qxe2 Nd5 18.
c4 Nxe3 19. fxe3 Qh4 20. Qf3 Re7 21. e4 Bb4 22. Re2 Bxd2 23. Rxd2 Qxe4 24. Qxe4 Rxe4 25. Rad1 Kf8 26. Kf2 Rd8 27. Kf3 Rh4 28. Rd3 g5 29. Rb1 b6 30. Rbd1 h5 31. R1d2 Rf4+ 32.
Kg3 h4+ 33. Kh2 Rd6 34. c5 Rd5 35. cxb6 axb6 36. Rb2 b5 37. Rc3 Rdxd4 38. Rxc6 b4 39. Rb6 Kg7 40. Rb7 Kg6 41. Re2 f6 42. Rc2 Rd1 43.
Rcc7 Ra1 44. Rg7+ Kf5 45. Rb5+ Ke6 46. Rgb7 Rff1 47. R5b6+ Kf5 48. g4+ Kg6 49. Kg2 Rfc1 50. Kf3 Rxa2 51. Rxb4 Rc3+ 52. Ke4 Rxh3 53. Rb8 Re2+ 54.
Kd4 Re7 55. R4b6 Rf3 56. Rg8+ Rg7 57. Rf8 Rf4+ 58. Kd5 h3 59. Rb3 Rh7 60. Rb1 h2 61. Rh1 Rxg4 62. Rf1 h1=Q+ 63. Rxh1 Rxh1 0-1

[Event "Late-Titled-Tuesday-Blitz-September-19-2023"]
[Site "Chess.com"]
[Date "2023.09.19"]
[Round "2"]
[White "stolencandy13"]
[Black "Zhigalko_Sergei"]
[Result "1/2-1/2"]
[WhiteElo "2557"]
[BlackElo "2834"]
[TimeControl "180+1"]
[EndTime "14:18:04 PDT"]
[Termination "Game drawn by repetition"]

1. d4 Nf6 2. Bf4 d5 3. e3 c5 4. c3 Nc6 5. Nd2 Bf5 6. Qb3 Qd7 7. Ngf3 c4 8. Qd1 e6 9. Nh4 Bd6 10. Nxf5 exf5 11. Qf3 Bxf4 12. Qxf4 O-O 13. g3 Rfe8 14. Bh3 g6 15. O-O Re7 16. b3 b5 17. bxc4 dxc4 18. Rfb1 Nd5 19. Qf3 Nxc3 20. Rc1 Nd5 21. Bg2 Rd8 22.
a4 a6 23. axb5 axb5 24. Rab1 Ncb4 25. h4 h5 26. Qe2 Na2 27. Bxd5 Nxc1 28. Bxf7+ Kxf7 29. Rxc1 Qxd4 30. Nf3 Qf6 31. Rb1 Rd5 32. Rxb5 Rxb5 33.
Qxc4+ Kg7 34. Qxb5 Rc7 35. Ng5 Re7 36. Qb3 Qd6 37.
Kh2 Qe5 38. Qb6 Qf6 39. Qb5 Rc7 40. Qb3 Rd7 41. Ne6+ Kh8 42. Ng5 Qe7 43. Qb8+ Kg7 44. Qb6 Rd6 45. Qc5 Kg8 46. Qc4+ Kf8 47. Qc3 Kg8 48. Qb2 Rf6 49. Qb3+ Kg7 50. Qc4 Qd7 51.
Qc3 Qc6 52. Qe5 Qb7 53. Qd4 Qe7 54. Qc3 Kg8 55. Qc4+ Kf8 56. Qc3 Kg8 57. Qc4+ Kg7 58. Qc3 Qd7 59. Qb2 Qe7 60. Qc3 1/2-1/2

[Event "Late-Titled-Tuesday-Blitz-September-19-2023"]
[Site "Chess.com"]
[Date "2023.09.19"]
[Round "2"]
[White "egnfanclub"]
[Black "Journey_to_GrandMaster_YT"]
[Result "0-1"]
[WhiteElo "2357"]
[BlackElo "2679"]
[TimeControl "180+1"]
[EndTime "14:18:07 PDT"]
[Termination "Journey_to_GrandMaster_YT won on time"]

1. e4 d6 2. Nc3 Nf6 3. f4 c5 4.
Nf3 Nc6 5. Bb5 Bd7 6. O-O a6 7. Bxc6 Bxc6 8. d3 g6 9. Qe1 Bg7 10. e5 dxe5 11. fxe5 Nd5 12. Ne4 Qb6 13. c4 Nb4 14.
Nf6+ Bxf6 15. exf6 e6 16. Ng5 Bd7 17. Qe2 h6 18.
Ne4 O-O-O 19. Bf4 Bc6 20. Rfd1 Bxe4 21. dxe4 Nc6 22. Be3 Nd4 23. Qf2 e5 24. Rd2 Qe6 25. b3 h5 26. Rad1 Rd6 27. Rf1 Rhd8 28. Kh1 b6 29.
Qg3 Nc6 30. Rdf2 Rd3 31. Qg5 Nd4 32. Bxd4 R8xd4 33. Re2 Kb7 34. Qc1 Qg4 35. Rfe1 h4 36. h3 Qg3 37. Re3 Qf4 38. Rxd3 Qxc1 39. Rxc1 Rxd3 40. Re1 Kc6 41. Re2 Kd6 42. Kg1 Ke6 43. Kf2 Kxf6 44. Rb2 a5 45. Ke2 Rg3 46. Kf2 Kg5 47. Rd2 Kf4 48. Rd7 f5 49. exf5 gxf5 50. Rd6 Rc3 51. Rxb6 Rc2+ 52. Kg1 e4 53. Rh6 e3 54.
Rxh4+ Ke5 55. Rh8 Rc1+ 56. Kh2 Kd4 57. Re8 f4 0-1

[Event "Late-Titled-Tuesday-Blitz-September-19-2023"]
[Site "Chess.com"]
[Date "2023.09.19"]
[Round "2"]
[White "gabduschew"]
[Black "DefiantChair"]
[Result "0-1"]
[WhiteElo "2377"]
[BlackElo "2606"]
[TimeControl "180+1"]
[EndTime "14:18:09 PDT"]
[Termination "DefiantChair won on time"]

1. g3 d5 2. Bg2 Nf6 3. d3 c5 4. Bg5 e6 5. c4 d4 6. Nd2 Nc6 7. Bxc6+ bxc6 8. Qa4 Bd7 9. Ne4 Be7 10. Bxf6 gxf6 11.
Nf3 f5 12. Ned2 f6 13. Nb3 e5 14. Nfd2 Qb6 15. Rb1 h5 16. Nf3 Bd6 17. Nh4 Kf7 18. a3 Rhg8 19. Nd2 Rg4 20. b4 cxb4 21. axb4 Qb7 22.
c5 Bc7 23. f3 Rxh4 24. gxh4 Be6 25. Rg1 a6 26. Kf2 e4 27. fxe4 Bxh2 28. exf5 Bd5 29. Ne4 Bxg1+ 30. Rxg1 Bxe4 31. dxe4 Rh8 32. Qb3+ Kf8 33.
Qe6 Qe7 34. Qc8+ Qe8 35. Qc7 Qe7 36. Qb8+ Qe8 37. Qd6+ Qe7 38. Qxd4 Ke8 39. Rg6 Rf8 40. Kf3 Qc7 41. Qd6 Qxd6 42. cxd6 Kd7 43. e5 fxe5 44. Ke4 Rb8 45. Kxe5 Rb5+ 46. Kf6 Rxb4 47. Rg7+ Kxd6 48. Rg8 a5 0-1

[Event "Late-Titled-Tuesday-Blitz-September-19-2023"]
[Site "Chess.com"]
[Date "2023.09.19"]
[Round "2"]
[White "chessprincesa1"]
[Black "Haykoooo0o"]
[Result "0-1"]
[WhiteElo "2242"]
[BlackElo "2470"]
[TimeControl "180+1"]
[EndTime "14:18:09 PDT"]
[Termination "Haykoooo0o won by resignation"]

1. d4 d5 2. c4 c6 3. cxd5 cxd5 4. Nc3 Nc6 5. Bf4 Nf6 6. Nf3 Bf5 7. e3 e6 8. Bd3 Bxd3 9. Qxd3 Bd6 10. Ne5 Bxe5 11. Bxe5 Nxe5 12. dxe5 Nd7 13. f4 a6 14. O-O O-O 15. Rad1 Qb6 16. Kh1 Rac8 17. Rf2 Rc4 18. Rdd2 Rfc8 19. Qe2 g6 20. Rf3 Nc5 21. Rh3 Ne4 22.
Nxe4 Rxe4 23. g4 Rc1+ 24. Kg2 Qa5 25. Rc2 Rxc2 26. Qxc2 Qe1 27. Rf3 Rxe3 28. Rf2 Qb4 29. Qc8+ Kg7 30. Qd8 Qe4+ 31. Kg1 Re1+ 32. Rf1 Rxf1+ 33.
Kxf1 Qxf4+ 34. Kg1 Qxg4+ 35. Kh1 Qe4+ 36. Kg1 Qxe5 37. Kf1 Qxb2 38. Ke1 Qxa2 39. Qb6 Qxh2 40. Qd4+ Kh6 41. Qe3+ g5 42. Qd4 Qf4 43. Qh8 Qe4+ 44. Kd1 Qf3+ 45. Kd2 Qf4+ 46. Kd1 Qg4+ 47. Ke1 Qf5 48.
Qf8+ Kh5 49. Qa3 Qe5+ 50. Kf1 Qf4+ 51. Kg1 Kh4 52. Qf8 Kg3 53. Qa3+ Qf3 54. Qd6+ Qf4 55. Qa3+ Kh4 56. Qf8 h5 57. Qc5 Qg3+ 58. Kf1 Qf3+ 59. Ke1 f5 60. Kd2 Qf4+ 61. Kc3 Qc4+ 62. Qxc4+ dxc4 63. Kxc4 g4 64. Kd4 g3 65. Ke5 g2 66. Kxe6 g1=Q 67.
Kxf5 Kg3 68. Ke6 h4 69. Kd7 h3 70. Kc8 h2 71. Kb8 b5 72. Ka8 a5 73. Kb7 b4 0-1

[Event "Late-Titled-Tuesday-Blitz-September-19-2023"]
[Site "Chess.com"]
[Date "2023.09.19"]
[Round "2"]
[White "Firouzja2003"]
[Black "Reality-Stone"]
[Result "1/2-1/2"]
[WhiteElo "3063"]
[BlackElo "2632"]
[TimeControl "180+1"]
[EndTime "14:18:10 PDT"]
[Termination "Game drawn - insufficient material"]

1. e4 c5 2. Nf3 d6 3. d4 cxd4 4. Nxd4 Nf6 5. Nc3 a6 6. f3 e5 7. Nb3 Be7 8. Be3 Be6 9. Qd2 h5 10. Nd5 Nxd5 11. exd5 Bf5 12. Be2 a5 13. a4 O-O 14. O-O Nd7 15. f4 Rc8 16. c3 exf4 17.
Bxf4 Nf6 18. Nd4 Be4 19. c4 Bg6 20. Bd3 Qb6 21. Be3 Ng4 22. Nf5 Nxe3 23. Nxe7+ Kh7 24. Bxg6+ fxg6 25. Nxc8 Nxf1+ 26. Nxb6 Nxd2 27. Rd1 Ne4 28. Rf1 Rd8 29. Rf7 Nc5 30. Rc7 Re8 31. Nd7 Re1+ 32. Kf2 Nd3+ 33. Kf3 g5 34. g4 hxg4+ 35. Kxg4 Nxb2 36.
Nf8+ Kh6 37. Ne6 Re4+ 38. Kf3 Rxc4 39. Rxg7 Nxa4 40. Rd7 Nc5 41. Rxd6 Nxe6 42. Rxe6+ Kg7 43. Re7+ Kf6 44. Rxb7 Rd4 45. Rb5 a4 46. Ra5 Ke5 47. d6+ Kxd6 48. Rxg5 Rd5 49. Rg6+ Kc5 50. Ra6 Kb4 51.
h4 a3 52. Kg4 Ra5 53. Rb6+ Kc5 54. Rb1 a2 55. Ra1 Kb4 56. h5 Kb3 57. h6 Kb2 58.
Rxa2+ Kxa2 59. h7 Ra8 60. Kg5 Kb3 61. Kg6 Rh8 62. Kg7 Rxh7+ 63. Kxh7 1/2-1/2

[Event "Late-Titled-Tuesday-Blitz-September-19-2023"]
[Site "Chess.com"]
[Date "2023.09.19"]
[Round "2"]
[White "Siemba"]
[Black "WelshTiger"]
[Result "0-1"]
[WhiteElo "2595"]
[BlackElo "2397"]
[TimeControl "180+1"]
[EndTime "14:18:10 PDT"]
[Termination "WelshTiger won on time"]

1. b3 Nc6 2. Bb2 e5 3. e3 a6 4.
Nf3 d6 5. d4 exd4 6. Nxd4 Nf6 7.
Bd3 Be7 8. Nxc6 bxc6 9. Nd2 O-O 10. Nf3 Bg4 11. O-O Re8 12. h3 Bh5 13. Be2 Ne4 14. Nd4 Bxe2 15. Qxe2 Qd7 16. Qf3 Bf6 17. Rfd1 c5 18.
c4 cxd4 19. Bxd4 Bxd4 20. Rxd4 Nc5 21. Rad1 a5 22. Rd5 Qe7 23. R1d4 g6 24. Rf4 Rab8 25. h4 a4 26. h5 axb3 27. axb3 Rxb3 28. hxg6 hxg6 29.
g3 Rd3 30. Rh5 Ne6 31. Rxf7 Ng5 32. Rxg5 Qxg5 33. Rxc7 Rf8 34. Qe4 Qf5 35. Qf4 Qxf4 36. gxf4 Rf7 37. Rc6 Kf8 38. c5 dxc5 39. Rxc5 Rd6 40.
Rg5 Rf5 41. Rg3 Kf7 42. Kg2 Ra5 43. Kf3 Ra2 44. Rg5 Rdd2 45. Rg2 Kf6 46. Rh2 Rd5 47. Rg2 Rh5 48. Ke4 Ra4+ 49. Kf3 Ra1 50. Ke4 g5 51.
fxg5+ Rxg5 52. Rh2 Ra4+ 53. Kf3 Rf5+ 54. Kg3 Ra7 55. f4 Re7 56. Kf3 Ra5 57. Rh6+ Kg7 58. Rh2 Ra3 59. Re2 Kf6 60. Re1 Kf5 61. Re2 Rh7 62. Kg3 Ke4 63. Kg4 Rxe3 64. Rxe3+ Kxe3 65. f5 Ke4 66. Kg5 Ke5 67. Kg6 Rh2 68. f6 Rg2+ 0-1

[Event "Late-Titled-Tuesday-Blitz-September-19-2023"]
[Site "Chess.com"]
[Date "2023.09.19"]
[Round "2"]
[White "santosalberto1987"]
[Black "hurricane7791"]
[Result "0-1"]
[WhiteElo "2508"]
[BlackElo "2717"]
[TimeControl "180+1"]
[EndTime "14:18:11 PDT"]
[Termination "hurricane7791 won on time"]

1. e4 c5 2. Nf3 d6 3. Bb5+ Nd7 4. d4 cxd4 5. Qxd4 a6 6. Bxd7+ Qxd7 7. Nc3 e5 8. Qd3 Qc6 9. Bg5 h6 10. Bh4 Be6 11.
O-O-O g5 12. Bg3 Rc8 13. Kb1 Nf6 14. Nd5 Bxd5 15. exd5 Qd7 16. Bxe5 dxe5 17. Nxe5 Qd6 18. Rhe1 Be7 19. Nc4 Rxc4 20. Qxc4 O-O 21. h4 Rd8 22. hxg5 hxg5 23. a3 Bf8 24. Qd4 Bg7 25. c4 Nd7 26. Qe3 Qf6 27. Rd2 Rc8 28. Qe7 Qf5+ 29.
Ka2 Rxc4 30. Qd8+ Bf8 31. Re8 g4 32. d6 Kg7 33. Re7 Nf6 34. Rc7 Re4 35. d7 Qe6+ 36. b3 Re2 37. Rcc2 Re1 38. Qxf8+ Kxf8 39. d8=Q+ Kg7 40. Qd4 Qf5 41. Kb2 b5 42. Re2 Rf1 43.
Rc6 Qb1+ 44. Kc3 Rc1+ 45. Kb4 Rxc6 46. Re5 Qc1 47. Ka5 Qc3+ 48. Qxc3 Rxc3 49. Kxa6 Rxb3 50. Rxb5 Rxa3+ 51. Kb6 Ra2 52. f3 Rxg2 53. fxg4 Rxg4 54. Rf5 Kg6 55. Rf1 Ne4 56. Kc6 f5 57. Kd5 Kf6 58. Ra1 Rg2 59. Ra6+ Kg5 60. Ra8 Kf4 61. Rf8 Rd2+ 62. Ke6 Rd6+ 63. Ke7 Ra6 64. Rh8 Ke3 65. Rf8 f4 0-1

[Event "Late-Titled-Tuesday-Blitz-September-19-2023"]
[Site "Chess.com"]
[Date "2023.09.19"]
[Round "2"]
[White "K_alena13"]
[Black "AlexOstrovskiy"]
[Result "0-1"]
[WhiteElo "2210"]
[BlackElo "2650"]
[TimeControl "180+1"]
[EndTime "14:18:14 PDT"]
[Termination "AlexOstrovskiy won on time"]

1. Nf3 g6 2. c4 Bg7 3. Nc3 e6 4. d4 Ne7 5. e4 d5 6. cxd5 exd5 7. e5 O-O 8. h4 Bg4 9. h5 Bxh5 10. Rxh5 gxh5 11. Ng5 h6 12. Nh3 Ng6 13. Qxh5 Qh4 14. Qxh4 Nxh4 15. Nxd5 Nc6 16. Be3 Rad8 17. Nhf4 Nf5 18.
Rd1 Rd7 19. Bc4 Rfd8 20. g4 Nxe3 21. fxe3 Na5 22. b3 b5 23. Bxb5 Rxd5 24. Nxd5 Rxd5 25.
Be2 Bf8 26. Bf3 Rd8 27. Rc1 Rd7 28. Ke2 Ba3 29. Rc2 Kf8 30. Kd3 Ke7 31. Rh2 c5 32.
Rxh6 cxd4 33. exd4 Bb2 34. Ra6 Nb7 35. Bxb7 Rxb7 36. Kc4 Rc7+ 37. Kd3 Rd7 38. Ke4 Rxd4+ 39. Kf5 Rd7 40. g5 Bd4 41. b4 Bb6 42. a3 Rd4 43. b5 Rd3 44. Ra4 Rd5 45. Rh4 Rxb5 46. Rh7 Bd4 47. g6 Rxe5+ 48. Kf4 Re6 49. Rxf7+ Kd6 50. Rb7 Rxg6 51. Kf3 Bb6 52. Ke2 Re6+ 53. Kd3 Re3+ 54. Kc4 Rxa3 55. Rb8 Ra5 56. Kb3 Rb5+ 57. Ka2 Kc6 58. Rh8 Bc7 59. Rh6+ Bd6 60. Rh4 a5 0-1

[Event "Late-Titled-Tuesday-Blitz-September-19-2023"]
[Site "Chess.com"]
[Date "2023.09.19"]
[Round "2"]
[White "Road2GM3000"]
[Black "Heinza9"]
[Result "1-0"]
[WhiteElo "2503"]
[BlackElo "2301"]
[TimeControl "180+1"]
[EndTime "14:18:15 PDT"]
[Termination "Road2GM3000 won on time"]

1. d4 f5 2. c4 Nf6 3. Nf3 d6 4. g3 g6 5. Bg2 Bg7 6. O-O O-O 7. Nc3 Qe8 8. b3 c6 9. Bb2 e5 10. dxe5 dxe5 11. e4 f4 12. Ne2 Nh5 13. Qd2 Bg4 14.
Bc3 Nd7 15. Qb2 h6 16. h3 Bxf3 17. Bxf3 fxg3 18. fxg3 Qe6 19. Bxh5 gxh5 20. Kg2 Nc5 21. Qc2 Qg6 22. Rxf8+ Rxf8 23. Bb4 b6 24. Bxc5 bxc5 25. Rf1 Rxf1 26. Kxf1 Qf6+ 27. Kg2 h4 28. g4 h5 29. Qd3 hxg4 30. hxg4 Bh6 31. Qf3 Qd6 32. Ng1 Bf4 33. Nh3 Qd2+ 34. Qf2 Qd3 35. Nxf4 Qxe4+ 36. Qf3 Qxf4 37. Qxc6 Qxg4+ 38. Kf2 Qf4+ 39. Ke2 e4 40. Qa8+ Kg7 41. Qxa7+ Kg6 42. Qb6+ Qf6 43. Qxc5 Qf3+ 44.
Kd2 h3 45. Qd6+ Kg5 46. Qd8+ Kf4 47. Qf6+ Kg3 48. Qg5+ Kf2 49. Qh4+ Kg2 50. Qg5+ Qg3 51. Qd5 Qf2+ 52. Kc3 Qf3+ 53. Kb4 e3 54. Qg5+ Kh1 55.
c5 e2 56. Qh4 Qe3 57. Qe1+ Kg2 58. Qh4 e1=Q+ 59. Qxe1 Qxe1+ 60. Kb5 Qc3 61. b4 Qd3+ 62. Kb6 h2 63. c6 h1=Q 64. a4 Qh6 65. b5 Qc4 66.
Kb7 Qc5 67. a5 1-0